 Dungeon Crawl Stone Soup version 0.28-a0-816-gb054d885db (webtiles) character file.

Game seed: 3226929232384443528

67 Crownlay the Chopper (level 4, -8/39 HPs)
             Began as a Hill Orc Fighter on Nov 8, 2021.
             Succumbed to Ijyb's poison
             ... on level 3 of the Dungeon.
             The game lasted 00:01:43 (2307 turns).

Crownlay the Chopper (Hill Orc Fighter)             Turns: 2307, Time: 00:01:43

Health: -8/39      AC: 11    Str: 19    XL:     4   Next: 18%
Magic:  4/4        EV:  5    Int:  8    God:
Gold:   78         SH:  4    Dex: 10    Spells: 3/3 levels left

rFire   . . .      SeeInvis .   a - +0 war axe
rCold   . . .      Faith    .   c - +0 buckler
rNeg    . . .      Spirit   .   k - +0 plate armour
rPois   .          Reflect  .   (no helmet)
rElec   .          Harm     .   (no cloak)
rCorr   .          Rampage  .   (no gloves)
Will    .....                   (no boots)
Stlth   ..........              (no amulet)
HPRegen 0.13/turn               (no ring)
MPRegen 0.09/turn               (no ring)

@: lethally poisoned (-8 -> -52)
A: no striking features
a: no special abilities


You were on level 3 of the Dungeon.
You visited 1 branch of the dungeon, and saw 3 of its levels.

You collected 92 gold pieces.
You spent 14 gold pieces at shops.

Inventory:

Hand Weapons
 a - a +0 war axe (weapon)
Missiles
 n - 5 boomerangs (quivered)
Armour
 c - a +0 buckler (worn)
 k - a +0 plate armour (worn)
Jewellery
 h - a +4 ring of protection
Scrolls
 b - a scroll of teleportation {unknown}
 e - a scroll of noise {unknown}
 i - 2 scrolls of blinking {unknown}
 m - a scroll of identify {unknown}
Potions
 d - a potion of might
 f - a potion of curing {unknown}
 g - 2 potions of degeneration
 j - a potion of brilliance {unknown}
 l - a potion of flight {unknown}


   Skills:
 - Level 3.6 Fighting
 * Level 5.1 Axes
 - Level 3.2 Armour
 - Level 4.0 Shields


You had 3 spell levels left.
You didn't know any spells.
Your spell library contained the following spells:

 Spells                   Type           Power      Damage    Failure   Level
 Corpse Rot               Necr/Air       0%         N/A       100%        2
 Dispel Undead            Necr           0%         3d6       100%        4
 Death Channel            Necr           0%         N/A       100%        6


Dungeon Overview and Level Annotations

Branches:
Dungeon (3/15)

Altars:

Shops:
D:1 !

Annotations:
D:3 Ijyb


Message History

You barely miss Ijyb.
You feel very sick. You block Ijyb's attack.
You barely miss Ijyb.
You feel very sick. Ijyb hits you but does no damage.
You are more poisoned.
You slash Ijyb!
Ijyb is moderately wounded.
You feel very sick. Ijyb hits you but does no damage.
You are lethally poisoned!
You closely miss Ijyb.
Ijyb is moderately wounded.
You feel extremely sick. Ijyb hits you but does no damage.
You are more poisoned.
Ijyb hits you with a +1 dagger of venom.
You are more poisoned.
You are too injured to fight recklessly!
You are too injured to fight recklessly!
You are too injured to fight recklessly!
You are too injured to fight recklessly!
You are too injured to fight recklessly!
You are too injured to fight recklessly!
You are too injured to fight recklessly!
You are too injured to fight recklessly!
You are too injured to fight recklessly!
You are too injured to fight recklessly!
You are too injured to fight recklessly!
You are too injured to fight recklessly!
You don't know any spells.
* * * LOW HITPOINT WARNING * * *
You feel extremely sick.
Ijyb hits you with a +1 dagger of venom.
* * * LOW HITPOINT WARNING * * *
You are more poisoned.
You slash Ijyb!
Ijyb is severely wounded.
You die...

#. .#..#
#. ....$
#.###...#
#...!.#
####<#.#
#......#
#.....##
#.....#
#..@g.#
#.....#
#..../..#
###.....#
#.....#
......#
########


You could see Ijyb.

Vanquished Creatures
  3 adders (D:2)
  A worm (D:2)
  A dart slug (D:1)
  2 bats
  An endoplasm (D:1)
  2 giant cockroaches (D:2)
  2 hobgoblins
  4 jackals (D:2)
  6 kobolds
  2 quokkas (D:2)
  6 ball pythons
  2 frilled lizards
  2 goblins
  A rat (D:1)
35 creatures vanquished.

Vanquished Creatures (others)
  A fungus (D:2)
  A plant (D:2)
2 creatures vanquished.

Grand Total: 37 creatures vanquished

Notes
Turn   | Place    | Note
-------+----------+-------------------------------------------
     0 | D:1      | Crownlay the Hill Orc Fighter began the quest for the Orb.
     0 | D:1      | Reached XP level 1. HP: 19/19 MP: 1/1
   100 | D:1      | Found Molav's Distillery.
   111 | D:1      | Bought a potion of degeneration for 14 gold pieces
   124 | D:1      | Reached skill level 3 in Axes
   256 | D:1      | Reached XP level 2. HP: 10/25 MP: 2/2
  1216 | D:2      | Reached skill level 4 in Axes
  1216 | D:2      | Reached XP level 3. HP: 31/31 MP: 3/3
  1812 | D:2      | Found a faded altar of an unknown god.
  1819 | D:2      | Reached XP level 4. HP: 39/39 MP: 4/4
  1854 | D:2      | Reached skill level 5 in Axes
  2297 | D:3      | Noticed Ijyb
  2307 | D:3      | Succumbed to Ijyb's poison

Illustrated notes

Levels and vault maps discovered:
D:1:      dpeg_arrival_lava_temple_mockup, layout_basic, serial_shops, shop,
          corner_web_ring, minivault_14
D:2:      layout_loops_cross, dreamdust_ecumenical_altar_grove, serial_rivers,
          chequers_serial_rivers_marsh, chequers_serial_rivers_micro_d,
          chequers_serial_rivers_micro_a, chequers_serial_rivers_micro_d,
          chequers_serial_rivers_large_a, minmay_hexomino_f4
D:3:      layout_rooms, serial_co_window_serial, co_window_paths_b,
          co_window_paths_b, co_window_corner_a, co_window_paths_a,
          co_window_paths_a, co_window_paths_c, co_window_corner_cb,
          co_window_cross_4, co_window_4corner_b, co_window_sun,
          glass_columns_a, glass_columns_a, glass_columns_a, glass_columns_a,
          glass_columns_b, uniq_ijyb

Skill      XL: |  1  2  3  4 |
---------------+-------------+-----
Axes           | 3 4 5 |  5.1
Shields        | 4 |  4.0
Fighting       | |  3.6
Armour         | |  3.2

Action                   |  1- 3 |  4- 6 || total
-------------------------+-------+-------++-------
Melee: War axe           |    85 |    28 ||   113
Armor: Scale mail        |    29 |       ||    29
       Plate armour      |     2 |    14 ||    16
Dodge: Dodged            |    38 |     6 ||    44
Block: Buckler           |    18 |     8 ||    26

Table legend: (Time is in decaauts)
 A = Elapsed time spent in this place.
 B = Non-inter-level travel time spent in this place.
 C = Inter-level travel time spent in this place.
 D = Time resting spent in this place.
 E = Time spent auto-exploring this place.
 F = Levels seen in this place.
 G = Mean time per level.
                   A        B        C        D        E       F      G
               +--------+--------+--------+--------+--------+-----+--------+
         Total |   2357 |   2292 |     65 |      0 |   1953 |   3 |  785.7 |
       Dungeon |   2357 |   2292 |     65 |      0 |   1953 |   3 |  785.7 |
               +--------+--------+--------+--------+--------+-----+--------+

Top non-repeatable levels by time:
     D:2: 1341 daAuts
     D:1: 1005 daAuts
     D:3: 11 daAuts
